 Dungeon Crawl Stone Soup version 0.28.0-47-ge53b351184 (webtiles) character file.

Game seed: 7150490623692292000

665 Hrothgar the Ruffian (level 7, -5/56 HPs)
             Began as a Black Draconian Transmuter on May 9, 2022.
             Was an Initiate of Yredelemnul.
             Slain by a hornet zombie (10 damage)
             ... on level 5 of the Dungeon.
             The game lasted 00:36:38 (5000 turns).

Hrothgar the Ruffian (Black Draconian Transmuter)   Turns: 5000, Time: 00:36:39

Health: -5/56      AC:  7    Str: 13    XL:     7   Next: 31%
Magic:  11/11      EV: 12    Int: 15    God:    Yredelemnul [......]
Gold:   201        SH:  0    Dex: 11    Spells: 3/12 levels left

rFire   . . .      SeeInvis .   l - +3 quarterstaff (chaos)
rCold   . . .      Faith    .   (shield currently unavailable)
rNeg    . . .      Spirit   .   (armour unavailable)
rPois   .          Reflect  .   (helmet restricted)
rElec   +          Harm     .   m - +0 cloak {rCorr}
rCorr   +          Rampage  .   (no gloves)
Will    .....                   (no boots)
Stlth   ++........              (no amulet)
HPRegen 0.18/turn               (no ring)
MPRegen 0.12/turn               (no ring)

@: no status effects
A: breathe lightning, AC +6, unfitting armour, electricity resistance,
cold-blooded
a: Breathe Lightning, Renounce Religion, Recall Undead Harvest


You were on level 5 of the Dungeon.
You worshipped Yredelemnul.
Yredelemnul was noncommittal.
You visited 1 branch of the dungeon, and saw 5 of its levels.

You collected 201 gold pieces.

Inventory:

Hand Weapons
 j - a +0 hand crossbow
 l - a +3 quarterstaff of chaos (weapon)
Missiles
 h - 5 boomerangs (quivered)
 i - a throwing net
 k - 33 bolts
 n - 5 datura-tipped darts
Armour
 m - a +0 cloak of preservation (worn)
Wands
 e - a wand of polymorph (12)
 r - a wand of acid (10)
Scrolls
 g - 2 scrolls of teleportation
 p - 2 scrolls of enchant armour {unknown}
Potions
 a - 3 potions of curing
 b - 2 potions of lignification
 c - a potion of berserk rage
 d - a potion of resistance
 f - a potion of magic
 o - a potion of cancellation {unknown}
 q - a potion of brilliance {unknown}


   Skills:
 * Level 2.5 Fighting
 * Level 1.2 Staves
 * Level 1.1 Crossbows
 * Level 1.2 Throwing
 * Level 2.7 Dodging
 * Level 1.9 Stealth
 * Level 4.1 Unarmed Combat
 * Level 3.0 Spellcasting
 * Level 1.3 Conjurations
 * Level 0.4 Necromancy
 * Level 3.3 Transmutations
 * Level 1.3 Fire Magic
 * Level 1.3 Poison Magic
 * Level 1.9 Invocations
 * Level 1.3 Evocations


You had 3 spell levels left.
You knew the following spells:

 Your Spells              Type           Power      Damage    Failure   Level
a - Beastly Appendage     Tmut           24%        N/A       5%          1
b - Spider Form           Tmut/Pois      9%         N/A       22%         3
c - Sting                 Tmut/Pois      36%        1d4       8%          1
d - Foxfire               Conj/Fire      24%        2x1d5     12%         1
e - Vampiric Draining     Necr           3%         2d6       45%         3

Your spell library contained the following spells:

 Spells                   Type           Power      Damage    Failure   Level
 Wereblood                Tmut           12%        N/A       8%          2
 Animate Skeleton         Necr           6%         N/A       17%         1
 Pain                     Necr           12%        1d4       17%         1
 Apportation              Tloc           4%         N/A       21%         1
 Summon Small Mammal      Summ           8%         N/A       21%         1
 Conjure Flame            Conj/Fire      6%         6-21      34%         3
 Inner Flame              Hex/Fire       4%         N/A       41%         3
 Frozen Ramparts          Ice            4%         1d2       52%         3
 Ice Form                 Ice/Tmut       7%         N/A       71%         4
 Flame Wave               Conj/Fire      6%         2d5       75%         4
 Necromutation            Tmut/Necr      3%         N/A       100%        8


Dungeon Overview and Level Annotations

Branches:
Dungeon (5/15)             Temple (0/1) D:4

Altars:
Yredelemnul

Shops:
D:2 :   D:5 [


Innate Abilities, Weirdness & Mutations

You can breathe wild blasts of lightning.
Your glossy black scales are hard. (AC +6)
You cannot fit into any form of body armour.
You are resistant to electric shocks. (rElec)
You are cold-blooded and may be slowed by cold attacks.


Message History

a +0 falchion; a +0 robe
Things that are here:
a +0 falchion; a +0 robe
Things that are here:
a +3 hand axe; a +0 robe You start resting.
HP restored.
Things that are here:
a +3 hand axe; a +0 robe
Things that are here:
a +0 falchion; a +0 robe You open the door.
A hornet zombie comes into view.
You sock the hornet zombie!
The hornet zombie flickers and vanishes!
Deactivating autopickup; reactivate with Ctrl-A.
Something hits you!
You barely miss something. Something hits you but does no damage.
Something hits you!
You hit something but do no damage.
Space warps horribly around something.
Your tail-slap misses something.
Something hits you! Something barely misses you.
You hit something but do no damage.
Nothing appears to happen.
Your tail-slap misses something.
Something hits you! x2
You hit something. You burn something.
Your tail-slap misses something.
Something barely misses you. Something hits you.
* * * LOW HITPOINT WARNING * * *
Something hits you.
* * * LOW HITPOINT WARNING * * *
Things that are here:
a +3 hand axe; a +0 robe You feel better.
Something hits you.
* * * LOW HITPOINT WARNING * * *
Something hits you!
* * * LOW HITPOINT WARNING * * *
You feel better. Something hits you.
* * * LOW HITPOINT WARNING * * *
Something hits you!
You die...
Your body rises from the dead as a mindless zombie.

#..........#........+
#..###.#####........#
######.##.........###
#.......#.........#
#.......#.........#
################..#
#.#.# #.# #8..#
#'#'#+#+#'#'###..###
#..{@........'.....#
#'#'#'#+#'#+###....#
#.#.#.# #8....#
####### ##....#
####... ... ... ...
#+#


There were no monsters in sight!

Vanquished Creatures
  Sigmund (D:4)
  2 wights (D:5)
  Crazy Yiuf (D:4)
  A hound (D:5)
  An iguana (D:4)
  A scorpion zombie (D:5)
  Natasha (twice) (D:4)
  A hound skeleton (D:4)
  4 mummies (D:5)
  An adder (D:2)
  6 gnolls
  A worm (D:4)
  2 dart slugs
  5 orcs (D:4)
  A ball python (D:2)
  5 endoplasms
  3 giant cockroaches
  3 goblins
  12 hobgoblins
  9 jackals
  A quokka (D:4)
  3 bats
  3 frilled lizards
  8 kobolds
  4 rats
81 creatures vanquished.

Vanquished Creatures (collateral kills)
  Natasha (D:4)
  An adder (D:2)
  A gnoll (D:3)
  An orc (D:4)
  A ball python (D:1)
  2 bats (D:1)
  3 endoplasms (D:1)
  A giant cockroach (D:2)
  A goblin (D:1)
  A jackal (D:3)
  A kobold (D:3)
  A frilled lizard zombie (D:2)
  A rat (D:1)
16 creatures vanquished.

Vanquished Creatures (others)
  An orc wizard (D:4)
  A bat zombie (D:1)
  2 gnoll zombies
  2 giant cockroach zombies
  A goblin zombie (D:4)
  2 hobgoblin zombies
  2 jackal zombies
  2 orc zombies (D:4)
  5 foxfires (D:5)
  A plant (D:4)
19 creatures vanquished.

Grand Total: 116 creatures vanquished

Notes
Turn   | Place    | Note
-------+----------+-------------------------------------------
     0 | D:1      | Hrothgar the Draconian Transmuter began the quest for the
                  | Orb.
     0 | D:1      | Reached XP level 1. HP: 16/16 MP: 3/3
    39 | D:1      | Found a faded altar of an unknown god.
    47 | D:1      | Prayed at the altar of an unknown god.
    47 | D:1      | Became a worshipper of Yredelemnul the Dark
    47 | D:1      | Reached * piety under Yredelemnul
   213 | D:1      | Reached XP level 2. HP: 16/23 MP: 0/5
   365 | D:1      | Reached ** piety under Yredelemnul
   788 | D:1      | Reached XP level 3. HP: 28/28 MP: 6/6
   792 | D:1      | Learned a level 3 spell: Spider Form
  1278 | D:2      | Got the Guide on the Shifting Frostbite
  1312 | D:2      | Learned a level 1 spell: Sting
  1708 | D:2      | Found Reziaz's Book Emporium.
  2090 | D:3      | Learned a level 1 spell: Foxfire
  2253 | D:3      | Reached XP level 4. HP: 35/36 MP: 1/7
  2748 | D:3      | Reached skill level 1 in Stealth
  2910 | D:3      | Reached skill level 1 in Invocations
  3057 | D:4      | Reached XP level 5. HP: 41/41 MP: 4/8
  3109 | D:4      | Noticed Natasha
  3151 | D:4      | Killed Natasha
  3345 | D:4      | Found a runed translucent door.
  3346 | D:4      | Noticed Crazy Yiuf
  3363 | D:4      | Killed Crazy Yiuf
  3418 | D:4      | Found a staircase to the Ecumenical Temple.
  3858 | D:4      | Noticed Sigmund
  3861 | D:4      | Reached XP level 6. HP: 44/48 MP: 6/10
  3872 | D:4      | Killed Sigmund
  3873 | D:4      | Reached skill level 1 in Throwing
  3873 | D:4      | Reached skill level 4 in Unarmed Combat
  3873 | D:4      | Reached skill level 1 in Conjurations
  3873 | D:4      | Reached skill level 1 in Fire Magic
  3873 | D:4      | Reached skill level 1 in Poison Magic
  3873 | D:4      | Reached skill level 1 in Evocations
  4020 | D:4      | Noticed Natasha
  4030 | D:4      | Killed Natasha
  4039 | D:4      | Noticed Natasha
  4047 | D:4      | Killed Natasha
  4326 | D:4      | Learned a level 3 spell: Vampiric Draining
  4474 | D:5      | Entered Level 5 of the Dungeon
  4508 | D:5      | Found Bet Egyu's Antique Armour Shop.
  4734 | D:5      | Reached skill level 1 in Crossbows
  4734 | D:5      | Your scales start taking on a glossy black colour.
  4734 | D:5      | Reached XP level 7. HP: 47/56 MP: 9/11
  4734 | D:5      | Gained mutation: You are resistant to electric shocks.
                  | (rElec) [Black Draconian growth]
  4763 | D:5      | Reached skill level 1 in Staves
  4999 | D:5      | HP: 1/56 [something (10)]
  5000 | D:5      | Slain by a hornet zombie

Illustrated notes

Levels and vault maps discovered:
D:1:      lightli_arrival_noodles, layout_loops_ring,
          dreamdust_ecumenical_altar_statues, minmay_pentomino_q4
D:2:      layout_loops_ring, serial_shops, shop
D:3:      layout_loops_corners
D:4:      layout_loops_ring, minmay_temple_entry_overgrown, uniq_sigmund,
          uniq_crazy_yiuf_cottage, uniq_natasha
D:5:      layout_gridville, lemuel_mausoleum_altar_yredelemnul, serial_shops,
          shop, st_stairs_14

Skill      XL: |  1  2  3  4  5  6  7 |
---------------+----------------------+-----
Dodging        | 2 |  2.7
Stealth        | 1 |  1.9
Invocations    | 1 |  1.9
Fighting       | 2 |  2.5
Transmutations | 3 |  3.3
Throwing       | 1 |  1.2
Unarmed Combat | 4 |  4.1
Conjurations   | 1 |  1.3
Fire Magic     | 1 |  1.3
Poison Magic   | 1 |  1.3
Evocations     | 1 |  1.3
Spellcasting   | 3 |  3.0
Crossbows      | 1 |  1.1
Staves         | 1 |  1.2
Necromancy     | |  0.4

Action                   |  1- 3 |  4- 6 |  7- 9 || total
-------------------------+-------+-------+-------++-------
Melee: Unarmed           |    69 |    83 |       ||   152
       Tailslap          |     9 |     1 |     3 ||    13
       Kick              |    12 |     3 |       ||    15
       Headbutt          |     7 |     3 |       ||    10
       Punch             |     2 |       |       ||     2
       Quarterstaff      |       |    12 |    19 ||    31
 Fire: Hand crossbow     |       |    18 |       ||    18
Throw: Boomerang         |       |     9 |       ||     9
 Cast: Beastly Appendage |    15 |     1 |       ||    16
       Spider Form       |     7 |    19 |       ||    26
       Sting             |     5 |     2 |       ||     7
       Foxfire           |       |     5 |       ||     5
Invok: Recall Undead Har |    10 |     5 |       ||    15
 Abil: Breathe Lightning |       |       |     1 ||     1
Evoke: Wand              |       |       |     2 ||     2
  Use: Scroll            |     3 |     3 |       ||     6
       Potion            |     1 |     1 |     2 ||     4
 Stab: Distracted        |     1 |       |       ||     1
       Sleeping          |     2 |       |       ||     2
Armor: Skin              |    33 |     9 |     6 ||    48
Dodge: Dodged            |    57 |   103 |    14 ||   174
